 Dungeon Crawl Stone Soup version 0.30-a0-596-g0af90f9a20 (webtiles) character file.

Game seed: 4802196487770848216

2843 Darkkill the Skirmisher (level 9, -9/81 HPs)
             Began as a Minotaur Hunter on Jan 6, 2023.
             Was an Initiate of Gozag.
             Mangled by a sixfirhy (12 damage)
             ... summoned by an obsidian statue
             ... on level 8 of the Dungeon.
             The game lasted 00:06:53 (6532 turns).

Darkkill the Skirmisher (Minotaur Hunter)           Turns: 6532, Time: 00:06:54

Health: -9/81      AC:  7    Str: 17    XL:     9   Next: 46%
Magic:  8/8        EV: 17    Int:  6    God:    Gozag
Gold:   457        SH:  0    Dex: 23    Spells: 8/8 levels left

rFire   . . .      SeeInvis .    a - +1 shortbow
rCold   . . .      Faith    .    (shield currently unavailable)
rNeg    . . .      Spirit   .    c - +1 leather armour
rPois   .          Reflect  .    (helmet restricted)
rElec   .          Harm     +    g - scarf {harm}
rCorr   .          Rampage  .    k - +2 pair of gloves
Will    .....                    (no boots)
Stlth   +++                      (no amulet)
HPRegen 0.33/turn                i - +6 ring of dexterity
MPRegen 0.11/turn                (no ring)

@: mesmerised
A: horns 2, retaliatory headbutt, deterioration 1
a: Renounce Religion, Potion Petition, Call Merchant, Bribe Branch


You were on level 8 of the Dungeon.
You worshipped Gozag.
Gozag was aware of your devotion.
You visited 2 branches of the dungeon, and saw 9 of its levels.

You collected 710 gold pieces.
You spent 180 gold pieces at shops.
You paid 73 gold pieces to Gozag.

Inventory:

Hand Weapons
 a - a +1 shortbow (weapon)
Missiles
 d - 79 stones
 h - 4 throwing nets {=f !f}
 l - 17 poisoned darts
 r - 6 silver javelins
Armour
 c - a +1 leather armour (worn)
 g - a scarf of harm (worn)
 k - a +2 pair of gloves (worn)
Jewellery
 i - a +6 ring of dexterity (left hand)
Wands
 t - a wand of roots (21)
 v - a wand of flame (20)
Scrolls
 b - 5 scrolls of immolation
 o - a scroll of identify {@r1}
 u - 3 scrolls of teleportation
Potions
 e - 4 potions of flight
 f - 3 potions of lignification
 j - a potion of might
 m - 4 potions of mutation
 n - 2 potions of resistance
 p - 2 potions of haste
 s - a potion of attraction {unknown}
 w - a potion of magic {unknown}
 x - a potion of heal wounds {unknown}
 z - 4 potions of curing {@q1}
 A - a potion of ambrosia {unknown}


   Skills:
 + Level 8.2 Fighting
 + Level 8.4 Ranged Weapons
 + Level 7.5 Dodging
 + Level 5.9 Stealth


You had 8 spell levels left.
You didn't know any spells.
Your spell library contained the following spells:

 Spells                   Type           Power      Damage    Failure   Level
 Dazzling Flash           Conj/Hex       0%         N/A       88%         3
 Stone Arrow              Conj/Erth      0%         3d7       88%         3
 Animate Armour           Summ/Erth      0%         N/A       99%         4
 Iskenderun's Mystic Bla  Conj/Tloc      0%         2d3       99%         4
 Passage of Golubria      Tloc           0%         N/A       99%         4
 Silence                  Hex/Air        0%         N/A       100%        5
 Summon Forest            Summ/Tloc      0%         N/A       100%        5
 Eringya's Noxious Bog    Tmut/Pois      0%         N/A       100%        6
 Starburst                Conj/Fire      0%         6d3       100%        6
 Summon Hydra             Summ           0%         N/A       100%        7
 Lehudib's Crystal Spear  Conj/Erth      0%         10d2      100%        8


Dungeon Overview and Level Annotations

Branches:
Dungeon (8/15)             Temple (1/1) D:6
   Lair: D:8-11

Altars:
Ashenzari
Cheibriados
Dithmenos
Elyvilon
Fedhas
Gozag
Hepliaklqana
Makhleb
Nemelex Xobeh
Okawaru
Qazlal
Ru
Sif Muna
Trog
Uskayaw
Vehumet
Wu Jian
Xom
The Shining One

Shops:
D:7 !   D:8 [

Annotations:
D:5 1 runed translucent door, Crazy Yiuf
D:6 2 transporters
D:8 exclusion: obsidian statue


Innate Abilities, Weirdness & Mutations

You have a pair of horns on your head.
You reflexively headbutt those who attack you in melee.
Your body sometimes deteriorates upon taking damage.


Message History

The iron imp dies!
The iron imp disappears in a puff of smoke!
The orange demon stings your rust devil but does no damage.
The orange demon hits your rust devil but does no damage.
Aiming: Charm
Press: ? - help, Q - select action, (/) - cycle Shift-Dir - straight line, f/p - sixfirhy
Aim: a sixfirhy (summoned, chance to affect: 17%)
The sixfirhy resists with almost no effort.
The sixfirhy closely misses you. You furiously retaliate!
You headbutt the sixfirhy. Something hits you but does no damage.
The sixfirhy completely misses you. You furiously retaliate!
You headbutt the sixfirhy.
Your rust devil hits the orange demon!
The orange demon seems to be corroded for longer.
Aiming: Charm
Press: ? - help, Q - select action, (/) - cycle Shift-Dir - straight line, f/p - sixfirhy
Aim: a sixfirhy (moderately wounded, summoned, chance to affect: 17%)
The sixfirhy is charmed.
The now-empty wand crumbles to dust.
Something hits you but does no damage.
Your rust devil hits the orange demon!
The orange demon seems to be corroded for longer.
You shoot an arrow. Something hits you. Something shocks you.
The obsidian statue's eyes glow briefly.
Your rust devil hits the orange demon!
The orange demon seems to be corroded for longer.
The orange demon stings you from afar. Something hits you.
Something shocks you.
You shoot an arrow.
Your rust devil hits the orange demon!
The orange demon seems to be corroded for longer.
The orange demon stings your rust devil.
The orange demon hits your rust devil but does no damage.
Something hits you but does no damage.
You shoot an arrow.
Your rust devil hits the orange demon.
The orange demon seems to be corroded for longer.
The orange demon stings your rust devil but does no damage.
The orange demon hits your rust devil.
Your rust devil looks weaker.
The ufetubus barely misses your rust devil.
The ufetubus hits your rust devil but does no damage.
Something completely misses you.
You shoot an arrow.
Your rust devil disappears in a puff of smoke!
The orange demon barely misses your sixfirhy. x2
Something hits you. Something shocks you.
You shoot an arrow.
You break out of your daze.
The ufetubus barely misses your sixfirhy. x2
The orange demon stings your sixfirhy!
The orange demon completely misses your sixfirhy.
Something closely misses you.
The obsidian statue's eyes glow briefly.
You shoot an arrow.
The ufetubus closely misses your sixfirhy. x2
The orange demon misses your sixfirhy. The orange demon hits your sixfirhy.
Something hits you but does no damage.
The obsidian statue's eyes glow briefly.
The ufetubus hits your sixfirhy. The ufetubus misses your sixfirhy.
You shoot an arrow.
The orange demon disappears in a puff of smoke!
Something hits you but does no damage.
The sixfirhy hits your sixfirhy but does no damage.
You shoot an arrow. The sixfirhy hits your sixfirhy!
The sixfirhy shocks your sixfirhy.
Your sixfirhy completely resists.
The sixfirhy hits your sixfirhy! The sixfirhy shocks your sixfirhy.
Your sixfirhy completely resists.
The sixfirhy misses your sixfirhy. The sixfirhy hits your sixfirhy.
The sixfirhy shocks your sixfirhy.
Your sixfirhy completely resists.
The ufetubus completely misses your sixfirhy.
The ufetubus misses your sixfirhy. Something barely misses you.
You shoot an arrow.
Your sixfirhy disappears in a puff of smoke!
Something hits you but does no damage.
The ufetubus hits you but does no damage.
The ufetubus barely misses you. The ufetubus attacks as you move away!
The ufetubus closely misses you. x2
The obsidian statue's eyes glow briefly.
The obsidian statue attempts to bespell you!
You resist with some effort. The ufetubus misses you.
The ufetubus barely misses you. The sixfirhy hits you! The sixfirhy shocks you!
* * * LOW HITPOINT WARNING * * *
The obsidian statue's eyes glow briefly.
The obsidian statue attempts to bespell you!
You are mesmerised by the obsidian statue!
Something hits you.
* * * LOW HITPOINT WARNING * * *
Something shocks you.
* * * LOW HITPOINT WARNING * * *
The sixfirhy hits you but does no damage.
You cannot move away from the obsidian statue!
You cannot move away from the obsidian statue!
You feel better. The sixfirhy barely misses you. You furiously retaliate!
You headbutt the sixfirhy! The sixfirhy closely misses you.
The sixfirhy barely misses you. You furiously retaliate!
You headbutt the sixfirhy. Something hits you but does no damage.
The sixfirhy hits you!
* * * LOW HITPOINT WARNING * * *
The sixfirhy shocks you!
You die...
Your body crumbles into a pile of gold.

....... #.# .#
...### #.# .#
....## #.###.# #
.....## #.#.#.###.#
......###>........#
## $
......'............
. .
......####....####
.###.. .....##
##....#####......
....####
#...#.@.5....#
.......#
#....#.3.3..##
..####.#
##..####.....# ..##
#.# #.## ##4....#
...# #.# #.#
#.....# ...# #.#
### #..8.= ...###.#
#...# ..<....###
#$## .......... ##


You could see an obsidian statue (mesmerising), a soul eater (summoned), a
sixfirhy (summoned), a red devil (summoned) and an ufetubus (summoned).

Vanquished Creatures
  2 hornets (D:8)
  Sigmund (D:5)
  Eustachio (D:5)
  An ice beast (D:7)
  3 black bears
  An ogre (D:6)
  2 centaurs
  A phantom (D:5)
  A bullfrog (D:8)
  A necrophage (D:7)
  A gnoll sergeant (D:8)
  2 scorpions
  3 wights (D:7)
  6 killer bees (D:8)
  3 howler monkeys
  2 jellies
  2 orc priests
  5 hounds
  3 iguanas
  2 orc wizards
  6 gnolls
  3 adders
  A shadow imp (D:5)
  2 white imps (D:6)
  2 ufetubi
  3 worms
  2 dart slugs (D:2)
  8 orcs
  7 ball pythons
  7 endoplasms
  6 giant cockroaches
  17 goblins
  7 hobgoblins
  4 jackals (D:1)
  9 bats
  5 frilled lizards
  6 kobolds
  4 rats
142 creatures vanquished.

Vanquished Creatures (others)
  2 fungi (D:5)
  6 plants (D:6)
8 creatures vanquished.

Grand Total: 150 creatures vanquished

Notes
Turn   | Place    | Note
-------+----------+-------------------------------------------
     0 | D:1      | Darkkill the Minotaur Hunter began the quest for the Orb.
     0 | D:1      | Reached XP level 1. HP: 18/18 MP: 0/0
    97 | D:1      | Reached skill level 1 in Stealth
   166 | D:1      | Reached XP level 2. HP: 25/25 MP: 1/1
   652 | D:1      | Reached XP level 3. HP: 31/31 MP: 2/2
  1328 | D:2      | Found a faded altar of an unknown god.
  1993 | D:3      | Reached XP level 4. HP: 38/38 MP: 3/3
  2385 | D:4      | Reached skill level 5 in Ranged Weapons
  2737 | D:4      | Reached XP level 5. HP: 46/46 MP: 4/4
  3036 | D:4      | Found a white marble altar of Elyvilon.
  3210 | D:5      | Entered Level 5 of the Dungeon
  3234 | D:5      | Noticed Eustachio
  3243 | D:5      | Killed Eustachio
  3244 | D:5      | Reached XP level 6. HP: 53/53 MP: 5/5
  3387 | D:5      | Reached skill level 5 in Fighting
  3393 | D:5      | Reached XP level 7. HP: 50/61 MP: 6/6
  3553 | D:5      | Reached skill level 5 in Dodging
  3766 | D:5      | Noticed Sigmund
  3769 | D:5      | Killed Sigmund
  3770 | D:5      | Reached XP level 8. HP: 60/70 MP: 7/7
  4140 | D:5      | Found a runed translucent door.
  4141 | D:5      | Noticed Crazy Yiuf
  4251 | D:6      | Found a staircase to the Ecumenical Temple.
  4263 | Temple   | Entered the Ecumenical Temple
  4272 | Temple   | Became a worshipper of Gozag Ym Sagoz the Greedy
  4654 | D:6      | Found a transporter.
  4661 | D:6      | Identified the +3 spear of the Shore {elec, Str+2}
  4716 | D:6      | Found a transporter.
  5182 | D:7      | Found Yntena's Distillery.
  5188 | D:7      | Bought a potion of curing for 36 gold pieces
  5188 | D:7      | Bought a potion of curing for 36 gold pieces
  5188 | D:7      | Bought a potion of curing for 36 gold pieces
  5188 | D:7      | Bought a potion of curing for 36 gold pieces
  5188 | D:7      | Bought a potion of curing for 36 gold pieces
  5250 | D:7      | Reached skill level 5 in Stealth
  5691 | D:8      | Reached XP level 9. HP: 64/79 MP: 8/8
  6124 | D:8      | Paralysed by a hornet for 1 turns
  6264 | D:8      | Found Qeull's Armour Shop.
  6498 | D:8      | Noticed an obsidian statue
  6500 | D:8      | Noticed a rust devil
  6500 | D:8      | Noticed a rust devil
  6507 | D:8      | Gained mutation: Your body sometimes deteriorates upon
                  | taking damage. [a neqoxec]
  6514 | D:8      | Noticed an orange demon
  6514 | D:8      | Noticed a sixfirhy
  6526 | D:8      | Noticed a sixfirhy
  6527 | D:8      | Noticed a soul eater
  6527 | D:8      | Noticed a red devil
  6531 | D:8      | HP: 13/81 [sixfirhy[an obsidian statue] (13)]
  6531 | D:8      | HP: 4/81 [something (7)]
  6532 | D:8      | Mangled by a sixfirhy

Illustrated notes

Levels and vault maps discovered:
D:1:      dpeg_arrival_subterranean_lakeside_camping, layout_basic,
          kennysheep_nondescript, hangedman_abyss_or_decor_lesser_grid,
          minmay_misc_feat_enclosed
D:2:      layout_loops_corners, shapermc_ecumenical_altar_starsandcircs
D:3:      cheibrodos_helix_gallery, layout_rooms
D:4:      layout_gridville, mainiacjoe_overflow_six_doors_small,
          wad_floor_pattern_1, minmay_cut_off
D:5:      layout_loops_ring, hangedman_minor_gate_pass, uniq_sigmund,
          uniq_crazy_yiuf_cottage, uniq_eustachio
D:6:      layout_basic, minmay_temple_entry_glassed_door,
          gammafunk_ghost_gnarly_gnolls
D:7:      minmay_spotlight, layout_cave_pools, serial_shops,
          kennysheep_little_box
D:8:      minmay_separated_statues, layout_loops_corners, serial_shops,
          nicolae_shop_window_shopping, enter_bailey_3
Temple:   compressed_dpeg_circular_temple

Skill      XL: |  1  2  3  4  5  6  7  8  9 |
---------------+----------------------------+-----
Stealth        | 1 2 3 4 5 |  5.9
Fighting       | 3 4 5 6 7 8 |  8.2
Dodging        | 3 4 5 6 7 |  7.5
Ranged Weapons | 5 6 7 8 |  8.4

Action                   |  1- 3 |  4- 6 |  7- 9 || total
-------------------------+-------+-------+-------++-------
 Fire: Shortbow          |   138 |    89 |   212 ||   439
Evoke: Wand              |       |       |     9 ||     9
  Use: Scroll            |    10 |     3 |     3 ||    16
       Potion            |       |       |     2 ||     2
Armor: Leather armour    |    28 |    11 |    44 ||    83
Dodge: Dodged            |    47 |    18 |   136 ||   201

Table legend: (Time is in decaauts)
 A = Elapsed time spent in this place.
 B = Non-inter-level travel time spent in this place.
 C = Inter-level travel time spent in this place.
 D = Time resting spent in this place.
 E = Time spent auto-exploring this place.
 F = Levels seen in this place.
 G = Mean time per level.
                   A        B        C        D        E       F      G
               +--------+--------+--------+--------+--------+-----+--------+
         Total |   6641 |   6223 |    418 |      0 |   5270 |   9 |  737.9 |
       Dungeon |   6518 |   6135 |    383 |      0 |   5212 |   8 |  814.8 |
        Temple |    122 |     87 |     35 |      0 |     58 |   1 |  122.0 |
               +--------+--------+--------+--------+--------+-----+--------+

Top non-repeatable levels by time:
     D:1: 1024 daAuts
     D:5: 994 daAuts
     D:2: 971 daAuts
     D:8: 862 daAuts
     D:4: 857 daAuts
     D:6: 706 daAuts
     D:7: 684 daAuts
     D:3: 416 daAuts
  Temple: 122 daAuts

Table legend:
 A = Kills in this place as a percentage of kills in entire the game.
 B = Kills by you in this place as a percentage of kills by you in the entire game.
 C = Kills by friends in this place as a percentage of kills by friends in the entire game.
 D = Other kills in this place as a percentage of other kills in the entire game.
 E = Experience gained in this place as a percentage of experience gained in the entire game.
 F = Experience gained in this place divided by the number of levels of this place that you have seen.
                   A       B       C       D       E      F
               +-------+-------+-------+-------+-------+----------------------
         Total | 100.0 | 100.0 |   N/A |   N/A | 100.0 | 451.3
       Dungeon | 100.0 | 100.0 |   N/A |   N/A | 100.0 | 507.8
               +-------+-------+-------+-------+-------+----------------------
